 Dungeon Crawl Stone Soup version 0.29.1-12-g30fa7ad0bf (webtiles) character file.

Game seed: 6213756409581852815

252 hawla the Chiller (level 6, -4/45 HPs)
             Began as a Meteoran Ice Elementalist on Jan 9, 2023.
             Slain by an ice beast (10 damage)
             ... on level 3 of the Dungeon.
             The game lasted 00:07:28 (1578 turns).

hawla the Chiller (Meteoran Ice Elementalist)       Turns: 1578, Time: 00:07:28

Health: -4/45      AC:  3    Str: 11    XL:     6   Next: 63%
Magic:  5/13       EV: 12    Int: 18    God:
Gold:   67         SH:  0    Dex: 14    Spells: 5/13 levels left

rFire   . . .      SeeInvis .   (no weapon)
rCold   . . .      Faith    .   (no shield)
rNeg    . . .      Spirit   .   a - +0 robe
rPois   .          Reflect  .   (no helmet)
rElec   .          Harm     .   (no cloak)
rCorr   .          Rampage  .   d - +0 pair of gloves
Will    .....                   (no boots)
Stlth   +.........              (no amulet)
HPRegen 0.15/turn               (no ring)
MPRegen 0.13/turn               (no ring)

@: glowing
A: sense surroundings 1, otherworldly, glowing, explore regen
a: no special abilities


You were on level 3 of the Dungeon.
You visited 1 branch of the dungeon, and saw 5 of its levels.
You also visited: Sewer.

You collected 67 gold pieces.

Inventory:

Armour
 a - a +0 robe (worn)
 d - a +0 pair of gloves (worn)
Potions
 b - 2 potions of ambrosia {unknown}
 c - a potion of cancellation
 g - a potion of brilliance
 h - 2 potions of mutation {unknown}
 i - 3 potions of curing {unknown}
 j - a potion of heal wounds
 l - a potion of resistance {unknown}
 n - a potion of invisibility {unknown}
 o - a potion of attraction {unknown}


   Skills:
 - Level 2.8 Dodging
 - Level 1.4 Stealth
 - Level 4.3 Spellcasting
 + Level 3.8 Conjurations
 - Level 6.0 Ice Magic


You had 5 spell levels left.
You knew the following spells:

 Your Spells              Type           Power      Damage    Failure   Level
a - Freeze                Ice            100%       1d11      1%          1
b - Frozen Ramparts       Ice            50%        1d8       3%          3
c - Hailstorm             Conj/Ice       21%        3d6       19%         4

Your spell library contained the following spells:

 Spells                   Type           Power      Damage    Failure   Level
 Ozocubu's Armour         Ice            25%        N/A       3%          3
 Blink                    Tloc           6%         N/A       22%         2
 Manifold Assault         Tloc           3%         N/A       98%         5
 Storm Form               Tmut/Air       1%         N/A       100%        7


Dungeon Overview and Level Annotations

Branches:
Dungeon (5/15) Zot: 1719    Sewer (visited)
 Temple: D:4-7

Altars:
Fedhas


Innate Abilities, Weirdness & Mutations

You passively map a small area around you.
You are easily found by Zot.
You glow in the dark.
You regain HP and MP as you explore.


Message History

Casting: Hailstorm (quite dangerous; 19% risk of failure)
Confirm with . or Enter, or press ? or * to list all spells.
The spell is quite dangerous to miscast (19% risk of failure)!
Continue anyway?
Casting: Hailstorm (quite dangerous; 19% risk of failure)
Press: ? - help, Dir - look around, f - activate A cannonade of hail descends around you!
The hail pelts the ice beast.
The ice beast partially resists.
The ice beast is moderately wounded.
Unknown command.
You hit the ice beast but do no damage.
The ice beast is moderately wounded.
The ice beast hits you but does no damage.
You hit the ice beast but do no damage.
You punch the ice beast, but do no damage.
The ice beast is moderately wounded.
The ice beast barely misses you.
You hit the ice beast.
The ice beast is heavily wounded.
The ice beast hits you. The ice beast freezes you!
You barely miss the ice beast.
The ice beast is heavily wounded.
The ice beast closely misses you.
You barely miss the ice beast.
The ice beast is heavily wounded.
The ice beast hits you. The ice beast freezes you!
You are too injured to fight recklessly!
You aren't carrying any scrolls.
Unknown command.
The ice beast attacks as you move away! The ice beast hits you.
The ice beast freezes you!
* * * LOW HITPOINT WARNING * * *
The ice beast attacks as you move away!
The ice beast hits you but does no damage.
The ice beast attacks as you move away!
The ice beast hits you but does no damage.
Found a scroll of identify.
The ice beast attacks as you move away! The ice beast hits you.
* * * LOW HITPOINT WARNING * * *
The ice beast freezes you!
You die...

* .).#*#.###.. * * .. *
#....#.#.... .. ## #?#.#.... . *
####.......( ,?# .....$...†... #.
, ,.####...[.... ####. *
#..>..... *
#....#########........ ...#####..
#..@Y...............
...#...........######...#........
.....###.##### #.####.......
............## ##.# ##.....#
....####.....## #..# *#####
......#.......# ##.##
...##........># #..#
....†.........#####.#### ######
...####................#####.....


You could see an ice beast.

Vanquished Creatures
  2 orc priests (D:4)
  Natasha (twice) (D:4)
  8 adders
  3 worms
  2 dart slugs (D:4)
  4 orcs
  10 ball pythons
  5 endoplasms
  3 giant cockroaches
  2 goblins
  5 hobgoblins
  2 quokkas
  A bat (D:3)
  8 kobolds
  8 rats
65 creatures vanquished.

Notes
Turn   | Place    | Note
-------+----------+-------------------------------------------
     0 | D:1      | hawla the Meteoran Ice Elementalist began the quest for the
                  | Orb.
     0 | D:1      | Reached XP level 1. HP: 14/14 MP: 5/5
    92 | D:1      | Reached XP level 2. HP: 20/20 MP: 4/6
   108 | D:2      | Reached skill level 5 in Ice Magic
   108 | D:2      | Reached XP level 3. HP: 16/26 MP: 1/8
   112 | D:2      | Learned a level 3 spell: Frozen Ramparts
   205 | D:4      | Reached XP level 4. HP: 21/33 MP: 0/10
   215 | D:4      | Reached XP level 5. HP: 17/38 MP: 4/11
   253 | D:5      | Entered Level 5 of the Dungeon
   489 | D:4      | Found a glowing drain.
   500 | Sewer    | Entered a sewer
   561 | Sewer    | Reached skill level 6 in Ice Magic
   566 | Sewer    | Learned a level 4 spell: Hailstorm
   639 | Sewer    | Reached skill level 1 in Conjurations
   639 | Sewer    | Reached XP level 6. HP: 42/45 MP: 3/13
   846 | D:4      | Found a blossoming altar of Fedhas.
  1004 | D:4      | Noticed Natasha
  1010 | D:4      | Killed Natasha
  1142 | D:4      | Noticed Natasha
  1145 | D:4      | Killed Natasha
  1417 | D:3      | Noticed an ice beast
  1578 | D:3      | Slain by an ice beast

Illustrated notes

Levels and vault maps discovered:
D:1:      dpeg_arrival_more_subterranean_lakeside_camping, layout_loops_ring,
          serial_shops, nicolae_shop_behind_doors,
          dreamdust_ecumenical_altar_sealed_demon
D:2:      layout_loops_corners
D:3:      layout_rooms, minmay_misc_feat_iff, hex_intersection
D:4:      layout_loops_ring, fedhas_altar_1, portal_sewer_entry_a, uniq_natasha
D:5:      layout_loops_ring, uniq_sigmund

Skill      XL: |  1  2  3  4  5  6 |
---------------+-------------------+-----
Spellcasting   | 3 4 |  4.3
Ice Magic      | 5 6 |  6.0
Conjurations   | 1 3 |  3.8
Dodging        | |  2.8
Stealth        | |  1.4

Action                   |  1- 3 |  4- 6 || total
-------------------------+-------+-------++-------
Melee: Unarmed           |     2 |    20 ||    22
       Punch             |       |     1 ||     1
 Cast: Freeze            |    14 |    24 ||    38
       Frozen Ramparts   |     3 |    29 ||    32
       Hailstorm         |       |     8 ||     8
  Use: Scroll            |     2 |     8 ||    10
       Potion            |       |     1 ||     1
Armor: Robe              |     3 |    19 ||    22
Dodge: Dodged            |     5 |    21 ||    26
